 Dungeon Crawl Stone Soup version 0.29-a0-542-g075992c915 (webtiles) character file.

Game seed: 8044246129800543835

176 happo123 the Sneak (level 5, -2/29 HPs)
             Began as a Kobold Enchanter on June 3, 2022.
             Slain by a gnoll
             ... wielding a +0 flail
              (6 damage)
             ... on level 3 of the Dungeon.
             The game lasted 00:06:27 (2674 turns).

happo123 the Sneak (Kobold Enchanter)               Turns: 2674, Time: 00:06:28

Health: -2/29      AC:  5    Str:  5    XL:     5   Next: 86%
Magic:  0/9        EV: 15    Int: 18    God:
Gold:   89         SH:  0    Dex: 16    Spells: 2/10 levels left

rFire   . . .      SeeInvis .   a - +1 dagger
rCold   + . .      Faith    .   (no shield)
rNeg    . . .      Spirit   .   b - +0 robe
rPois   .          Reflect  .   n - +0 helmet
rElec   .          Harm     .   m - +0 cloak
rCorr   .          Rampage  .   i - +0 pair of gloves
Will    .....                   (no boots)
Stlth   ++++......              (no amulet)
HPRegen 0.09/turn               k - ring of protection from cold
MPRegen 0.11/turn               (no ring)

@: no status effects
A: small, no large weapons, nightstalker 3
a: no special abilities


You were on level 3 of the Dungeon.
You visited 1 branch of the dungeon, and saw 3 of its levels.

You collected 89 gold pieces.

Inventory:

Hand Weapons
 a - a +1 dagger (weapon)
Armour
 b - a +0 robe (worn)
 i - a +0 pair of gloves (worn)
 m - a +0 cloak (worn)
 n - a +0 helmet (worn)
Jewellery
 k - a ring of protection from cold (left hand)
Scrolls
 e - a scroll of fear {unknown}
 f - 3 scrolls of identify {unknown}
 h - 2 scrolls of fog {unknown}
 j - a scroll of teleportation {unknown}
 o - a scroll of magic mapping {unknown}
Potions
 c - 2 potions of invisibility
 d - a potion of mutation {unknown}
 g - 2 potions of might {unknown}
 l - a potion of brilliance {unknown}
 p - a potion of heal wounds {unknown}


   Skills:
 + Level 1.5 Fighting
 + Level 3.0 Short Blades
 + Level 3.2 Dodging
 + Level 4.7 Stealth
 + Level 3.0 Spellcasting
 + Level 0.3 Conjurations
 * Level 4.1 Hexes


You had 2 spell levels left.
You knew the following spells:

 Your Spells              Type           Power      Damage    Failure   Level
a - Ensorcelled Hibernat  Hex/Ice        20%        N/A       11%         2
b - Confusing Touch       Hex            17%        N/A       9%          3
c - Tukima's Dance        Hex            17%        N/A       9%          3

Your spell library contained the following spells:

 Spells                   Type           Power      Damage    Failure   Level
 Dazzling Flash           Conj/Hex       20%        N/A       19%         3
 Fulminant Prism          Conj/Hex       5%         3d7       54%         4
 Iskenderun's Mystic Bla  Conj/Tloc      3%         2d3       83%         4
 Lee's Rapid Deconstruct  Erth           1%         3d5*      99%         5


Dungeon Overview and Level Annotations

Branches:
Dungeon (3/15)

Altars:


Innate Abilities, Weirdness & Mutations

You are small and have problems with some larger weapons.
You are completely attuned to the shadows.


Message History

The hound completely misses you. The gnoll misses you.
The gnoll closely misses you. The hound bites you.
You closely miss the hound.
The hound is moderately wounded.
The hound barely misses you. The gnoll hits you with a +0 flail.
The gnoll barely misses you.
You barely miss the hound.
The hound is moderately wounded.
The hound bites you. The gnoll misses you. The gnoll completely misses you.
The gnoll misses you.
Your magical contamination has completely faded away.
You barely miss the hound.
The hound is moderately wounded.
The hound misses you. The hound bites you. The gnoll misses you. x2
The gnoll barely misses you. The hound attacks as you move away!
The hound barely misses you. The gnoll attacks as you move away!
The gnoll misses you. The gnoll attacks as you move away!
The gnoll hits you with a +0 flail. The hound bites you but does no damage.
Aiming: Ensorcelled Hibernation (safe; 11% risk of failure)
Press: ? - help, Q - select action Shift-Dir - straight line, f/p - hound
Aim: a hound (moderately wounded, chance to affect: 51%)
The hound looks drowsy...
The helpless hound fails to defend itself.
You impale the hound!!
You kill the hound!
Your Short Blades skill increases to level 3!
Your Spellcasting skill increases to level 3!
The gnoll hits you from afar with a +0 spear.
You barely miss the gnoll. The gnoll hits you with a +0 flail.
* * * LOW HITPOINT WARNING * * *
The gnoll barely misses you.
Aiming: Ensorcelled Hibernation (safe; 11% risk of failure)
Press: ? - help, Q - select action Shift-Dir - straight line, f - gnoll
Aim: a gnoll, wielding a +0 flail (chance to affect: 52%)
The gnoll resists with significant effort.
The gnoll hits you with a +0 flail.
* * * LOW HITPOINT WARNING * * *
The gnoll attacks as you move away! The gnoll hits you with a +0 flail.
You die...

..##.# ##h. ....
...#.# .... .....
.....# .g..
........(...#
....#..........#.#
.....#...##...#..#
###...#..##..#...#
#.)..#....#...##.#
#....)#..#.@..##.#
#..##).##.g##....#
#.$ #g†##..##..###
#.....#gg#.....#
...#....#....#
..#..##..#...#
.#...##...#..#
..........#.#
######....#


You could see 3 gnolls.

Vanquished Creatures
  2 hounds
  Crazy Yiuf (D:2)
  A gnoll (D:3)
  2 adders
  A worm (D:2)
  A dart slug (D:1)
  2 orcs (D:3)
  2 ball pythons
  3 endoplasms
  4 giant cockroaches (D:2)
  4 goblins
  10 hobgoblins
  3 quokkas
  5 bats
  3 frilled lizards
  2 kobolds (D:2)
  3 rats (D:1)
49 creatures vanquished.

Notes
Turn   | Place    | Note
-------+----------+-------------------------------------------
     0 | D:1      | happo123 the Kobold Enchanter began the quest for the Orb.
     0 | D:1      | Reached XP level 1. HP: 10/10 MP: 3/3
   289 | D:1      | Found a faded altar of an unknown god.
   344 | D:1      | Reached XP level 2. HP: 13/16 MP: 5/5
   347 | D:1      | Learned a level 2 spell: Ensorcelled Hibernation
   894 | D:1      | Reached XP level 3. HP: 20/20 MP: 6/6
   898 | D:1      | Learned a level 3 spell: Confusing Touch
  2012 | D:2      | Found a runed translucent door.
  2015 | D:2      | Noticed Crazy Yiuf
  2019 | D:2      | Killed Crazy Yiuf
  2020 | D:2      | Reached skill level 1 in Fighting
  2020 | D:2      | Reached XP level 4. HP: 25/25 MP: 3/7
  2334 | D:2      | Reached XP level 5. HP: 29/29 MP: 7/9
  2472 | D:3      | Learned a level 3 spell: Tukima's Dance
  2674 | D:3      | Slain by a gnoll

Illustrated notes

Levels and vault maps discovered:
D:1:      dpeg_arrival_renting, layout_basic,
          shapermc_ecumenical_altar_mp_ritualfount, kennysheep_pointless_box
D:2:      layout_rooms, serial_aquarium, aquarium_bridge_square
          [aquarium_subvault_window, aquarium_subvault_balcony,
          aquarium_subvault_bridge, aquarium_subvault_window],
          aquarium_window_1, aquarium_window_fake, aquarium_window_fake,
          aquarium_window_fake, aquarium_view_2b, aquarium_view_2b,
          chequers_mini_garden, minmay_between, uniq_crazy_yiuf_cottage
D:3:      layout_basic, minivault_26, uniq_natasha

Skill      XL: |  1  2  3  4  5 |
---------------+----------------+-----
Short Blades   | 2 3 |  3.0
Fighting       | 1 |  1.5
Dodging        | 3 |  3.2
Hexes          | 4 |  4.1
Spellcasting   | 3 |  3.0
Stealth        | |  4.7
Conjurations   | |  0.3

Action                   |  1- 3 |  4- 6 || total
-------------------------+-------+-------++-------
Melee: Dagger            |    96 |    43 ||   139
       Punch             |     1 |       ||     1
 Cast: Ensorcelled Hiber |     8 |     6 ||    14
       Confusing Touch   |     1 |       ||     1
 Stab: Sleeping          |    14 |    16 ||    30
Armor: Robe              |     7 |    17 ||    24
Dodge: Dodged            |    56 |    33 ||    89

Table legend: (Time is in decaauts)
 A = Elapsed time spent in this place.
 B = Non-inter-level travel time spent in this place.
 C = Inter-level travel time spent in this place.
 D = Time resting spent in this place.
 E = Time spent auto-exploring this place.
 F = Levels seen in this place.
 G = Mean time per level.
                   A        B        C        D        E       F      G
               +--------+--------+--------+--------+--------+-----+--------+
         Total |   2657 |   2487 |    170 |    100 |   1976 |   3 |  885.7 |
       Dungeon |   2657 |   2487 |    170 |    100 |   1976 |   3 |  885.7 |
               +--------+--------+--------+--------+--------+-----+--------+

Top non-repeatable levels by time:
     D:2: 1321 daAuts
     D:1: 1145 daAuts
     D:3: 191 daAuts
